 Dungeon Crawl Stone Soup version 0.23.0-3-gf3c87f2 (webtiles) character file.

Game seed: 17338813191283239432

821 Gadfly the Cudgeler (level 7, -3/66 HPs)
             Began as a Gargoyle Abyssal Knight on Feb 22, 2019.
             Was a Priest of Lugonu.
             Slain by an ogre
             ... wielding a +0 giant spiked club
              (16 damage)
             ... on level 5 of the Dungeon.
             The game lasted 00:11:16 (5200 turns).

Gadfly the Cudgeler (Gargoyle Abyssal Knight)       Turns: 5200, Time: 00:11:17

Health: -3/66      AC: 23    Str: 16    XL:     7   Next: 95%
Magic:  10/10      EV:  2    Int: 13    God:    Lugonu [***...]
Gold:   265        SH:  0    Dex: 10    Spells: 4/6 levels left

rFire    . . .     SeeInvis .   x - +1 spear (pierce)
rCold    . . .     Gourm    .   (no shield)
rNeg     + + +     Faith    .   (armour currently unavailable)
rPois    ∞         Spirit   .   (helmet currently unavailable)
rElec    .         Reflect  .   (cloak currently unavailable)
rCorr    .         Harm     .   (gloves currently unavailable)
MR       .....     NoTele   +   (boots currently unavailable)
Stlth    +.........             (no amulet)
HPRegen  0.21/turn              h - +4 ring of evasion
MPRegen  0.12/turn              (no ring)

@: tree-form
A: negative energy resistance 1, petrification resistance, rot immunity, AC +4
a: Depart the Abyss, Bend Space, Banish, Renounce Religion


You were on level 5 of the Dungeon.
You worshipped Lugonu.
Lugonu was most pleased with you.
You were not hungry.
You were a tree.
You visited 1 branch of the dungeon, and saw 5 of its levels.
You visited the Abyss 2 times.

You collected 265 gold pieces.

Inventory:

Hand Weapons
 a - a +2 mace
 r - a +0 flail
 x - a +1 spear of piercing (weapon)
 z - a +0 dagger of electrocution
Missiles
 j - 4 tomahawks of returning (quivered)
Armour
 g - a +2 pair of boots (melded)
 n - a +0 pair of gloves (melded)
 u - a +0 chain mail (melded)
 y - a +0 helmet (melded)
 E - a scarf of resistance (melded)
Jewellery
 h - a +4 ring of evasion (left branch)
 A - an uncursed ring of protection from cold
Wands
 m - a wand of flame (26)
 w - a wand of polymorph (11)
Scrolls
 d - 2 scrolls of blinking {unknown}
 f - 2 scrolls of teleportation
 o - 4 scrolls of identify
 s - a scroll of amnesia {unknown}
 v - a scroll of enchant weapon
 B - a scroll of remove curse
 C - a scroll of magic mapping {unknown}
 F - a scroll of holy word {unknown}
Potions
 e - 2 potions of curing
 i - 2 potions of flight {unknown}
 k - 3 potions of invisibility {unknown}
 l - a potion of might {unknown}
 p - 2 potions of agility {unknown}
 q - a potion of mutation {unknown}
 t - a potion of heal wounds {unknown}
Comestibles
 c - 7 rations
 D - 2 chunks of flesh


   Skills:
 + Level 4.4 Fighting
 * Level 5.5 Maces & Flails
 + Level 3.5 Armour
 - Level 0.7 Dodging
 * Level 4.9 Invocations
 * Level 3.1 Evocations


You had 4 spell levels left.
You knew the following spells:

 Your Spells              Type           Power        Failure   Level  Hunger
a - Apportation           Tloc           #.....       30%         1    ##.....
b - Confusing Touch       Hex            #.....       30%         1    ##.....

Your spell library contained the following spells:

 Spells                   Type           Power        Failure   Level  Hunger
 Animate Skeleton         Necr           N/A          30%         1    ##.....
 Summon Small Mammal      Summ           #...         30%         1    ##.....


Dungeon Overview and Level Annotations

Branches:
Dungeon (5/15)             Temple (0/1) D:4

Altars:
Ashenzari
Fedhas
Kikubaaqudgha
Trog

Shops:
D:4 %[


Innate Abilities, Weirdness & Mutations

You are resistant to torment.
((Your stone body is resilient. (AC +4)))
You are immune to poison.
You resist negative energy. (rN+)
((You are resistant to electric shocks. (rElec)))
((You can survive without breathing.))
You are immune to petrification.
You are immune to rotting.


Message History

You feel hot and cold all over.
Your roots penetrate the ground.
The hound bites you but does no damage.
The sky beast flickers out of sight!
Deactivating autopickup; reactivate with Ctrl-A.
You miss the hound.
The hound is moderately wounded.
The hound bites you but does no damage.
The crimson imp blinks!
The hound bites you but does no damage.
You hit the hound.
The hound is severely wounded.
The sky beast flickers out of sight!
The hound bites you but does no damage.
The crimson imp hits you but does no damage.
You hit the hound.
You kill the hound!
Lugonu accepts your kill.
The crimson imp hits you but does no damage.
The howler monkey hoots and howls with incredible vigour!
You hit the ogre.
The ogre is moderately wounded.
The ogre hits you with a +0 giant spiked club!
You die...

#.###.##########
##. #.# #.# .'.
#.# #.# ..# #.#
#.# ####..# #.#
#.# ####..#'#
#.# #.# #Oh.Y..#
#.# #.# #†#....#
#.# #.#
#######h##..##
#.# #.#
#.5♣O†...##h#
#.# #.#
#.######.# .O#
#.# #.#### #.#
.# {..#
#.###....#####.#
.# ...'#
#..............#
.# ..##..
########.#######
.# ### ... #.#
.. .. #.# #.#


You could see an ogre, a howler monkey and a crimson imp.

Vanquished Creatures
  An ogre (D:4)
  A howler monkey (D:5)
  3 hounds (D:5)
  2 orc wizards (D:5)
  2 bullfrog skeletons (D:5)
  5 worker ants
  A hound skeleton (D:3)
  Robin (D:4)
  7 gnolls
  4 adders
  A shadow imp (D:5)
  An ooze (D:2)
  2 adder skeletons
  4 worms
  2 leopard geckos
  18 orcs
  17 goblins
  7 hobgoblins
  12 jackals
  10 kobolds
  3 quokkas
  8 bats
  5 frilled lizards
  A jackal zombie (D:5)
  A leopard gecko skeleton (D:5)
  8 rats
127 creatures vanquished.

Vanquished Creatures (others)
  An ogre (D:5)
  A centaur (D:5)
2 creatures vanquished.

Grand Total: 129 creatures vanquished

Notes
Turn   | Place    | Note
-------+----------+-------------------------------------------
     0 | Abyss:1  | Gadfly the Gargoyle Abyssal Knight began the quest for the
                  | Orb.
     0 | Abyss:1  | Reached XP level 1. HP: 14/14 MP: 2/2
    58 | D:1      | Escaped the Abyss
   496 | D:1      | Reached XP level 2. HP: 19/19 MP: 3/3
   813 | D:1      | Reached skill level 3 in Maces & Flails
  1044 | D:2      | Reached XP level 3. HP: 22/23 MP: 4/4
  1083 | D:2      | Reached ** piety under Lugonu
  1116 | D:2      | Reached skill level 4 in Maces & Flails
  1386 | D:2      | Found a shattered altar of Ashenzari.
  1392 | D:2      | Found a bloodstained altar of Trog.
  1428 | D:2      | Reached XP level 4. HP: 20/28 MP: 5/5
  2169 | D:3      | Reached skill level 1 in Evocations
  2169 | D:3      | Reached XP level 5. HP: 32/32 MP: 6/6
  2178 | D:3      | Learned a level 1 spell: Apportation
  2180 | D:3      | Learned a level 1 spell: Confusing Touch
  2308 | D:3      | Found a faded altar of an unknown god.
  2555 | D:3      | Cast into level 1 of the Abyss (orc)
  2558 | D:3      | Escaped the Abyss
  2919 | D:4      | Found an ancient bone altar of Kikubaaqudgha.
  2920 | D:4      | Found a blossoming altar of Fedhas.
  3104 | D:4      | Noticed an ogre
  3113 | D:4      | Killed an ogre
  3113 | D:4      | Reached XP level 6. HP: 34/38 MP: 8/8
  3147 | D:4      | Noticed Robin
  3174 | D:4      | Found Rasain's Food Emporium.
  3178 | D:4      | Killed Robin
  3365 | D:4      | Found a staircase to the Ecumenical Temple.
  3466 | D:4      | Found Xosesene's Antique Armour Shop.
  4008 | D:5      | Entered Level 5 of the Dungeon
  4080 | D:5      | Reached skill level 5 in Maces & Flails
  4080 | D:5      | Reached XP level 7. HP: 36/43 MP: 8/10
  4136 | D:5      | Reached *** piety under Lugonu
  4633 | D:5      | HP: 1/43 [ogre/+0 giant club (17)]
  5200 | D:5      | Slain by an ogre

Skill      XL: |  1  2  3  4  5  6  7 |
---------------+----------------------+-----
Maces & Flails | 3 4 5 |  5.5
Evocations     | 1 2 3 |  3.1
Invocations    | 3 4 |  4.9
Fighting       | 4 |  4.4
Armour         | 3 |  3.5
Dodging        | |  0.7

Action                   |  1- 3 |  4- 6 |  7- 9 || total
-------------------------+-------+-------+-------++-------
Melee: Mace              |    90 |    51 |       ||   141
       Flail             |       |    71 |       ||    71
       Short sword       |       |    61 |       ||    61
       Dagger            |       |    43 |    57 ||   100
       Spear             |       |       |   183 ||   183
Invok: Depart the Abyss  |       |     1 |       ||     1
       Banish            |       |       |     2 ||     2
  Use: Scroll            |     2 |     4 |       ||     6
       Potion            |       |       |     1 ||     1
  Eat: Chunk             |     2 |     8 |     2 ||    12
       Ration            |       |       |     1 ||     1
Armor: Leather armour    |    45 |    21 |       ||    66
       Ring mail         |       |    12 |       ||    12
       Chain mail        |       |   119 |   193 ||   312
       Skin              |       |       |     6 ||     6
Dodge: Dodged            |    87 |   150 |   172 ||   409
